 Dungeon Crawl Stone Soup version 0.22.0-6-g71bd7aa (webtiles) character file.

91 harcile the Firebug (level 4, -10/33 HPs)
             Began as a Hill Orc Fire Elementalist on Aug 15, 2018.
             Killed by divine providence
             ... invoked by an orc priest
              (14 damage)
             ... on level 3 of the Dungeon.
             The game lasted 00:05:48 (1995 turns).

harcile the Firebug (Hill Orc Fire Elementalist)    Turns: 1995, Time: 00:05:48

Health: -10/33     AC:  2    Str: 10    XL:     4   Next: 59%
Magic:  0/7        EV: 12    Int: 16    God:
Gold:   92         SH:  0    Dex: 11    Spells: 6/7 levels left

rFire    . . .     SeeInvis .   j - -1 dagger (curse)
rCold    . . .     Gourm    .   (no shield)
rNeg     . . .     Faith    .   n - +0 robe
rPois    .         Spirit   .   (no helmet)
rElec    .         Reflect  .   (no cloak)
rCorr    .         Harm     .   (no gloves)
MR       .....                  (no boots)
Stlth    ++........             (no amulet)
HPRegen  0.11/turn              (no ring)
MPRegen  0.10/turn              (no ring)

@: no status effects
A: no striking features
a: Convert to Beogh


You were on level 3 of the Dungeon.
You were not hungry.

You visited 1 branch of the dungeon, and saw 3 of its levels.

You collected 92 gold pieces.

Inventory:

Hand Weapons
 a - a +0 hand axe
 j - a cursed -1 dagger (weapon)
Armour
 n - a +0 robe (worn)
Scrolls
 e - 4 scrolls of teleportation {unknown}
 h - a scroll of noise {unknown}
 i - a scroll of magic mapping {unknown}
 l - a scroll of remove curse {unknown}
Potions
 b - a potion of curing {unknown}
 d - a potion of heal wounds {unknown}
 f - a potion of flight {unknown}
 k - a potion of degeneration {unknown}
 m - a potion of agility {unknown}
Comestibles
 c - 4 rations


   Skills:
 + Level 0.3 Fighting
 + Level 1.9 Dodging
 + Level 2.0 Stealth
 + Level 2.3 Spellcasting
 + Level 1.7 Conjurations
 + Level 4.2 Fire Magic


You had 6 spell levels left.
You knew the following spells:

 Your Spells              Type           Power        Failure   Level  Hunger
z - Flame Tongue          Conj/Fire      ##...        6%          1    #......

Your spell library contained the following spells:

 Spells                   Type           Power        Failure   Level  Hunger
 Fireball                 Conj/Fire      ##........   86%         5    ######.
 Conjure Flame            Conj/Fire      ##......     19%         3    ###....
 Throw Flame              Conj/Fire      ##....       9%          2    ###....
 Sticky Flame             Conj/Fire      ##......     52%         4    #####..
 Inner Flame              Hex/Fire       #.......     26%         3    ###....


Dungeon Overview and Level Annotations

Branches:
Dungeon (3/15)

Altars:
Makhleb
Okawaru
Sif Muna
Zin
The Shining One


Message History

The orc priest invokes the aid of Beogh against you.
Beogh smites you!
* * * LOW HITPOINT WARNING * * *
You start resting.
The orc priest is too close now for your liking.
You hit the orc priest but do no damage.
The orc priest is heavily wounded.
The orc priest hits you with a club.
* * * LOW HITPOINT WARNING * * *
Casting: Flame Tongue (safe; 6% risk of failure)
Confirm with . or Enter, or press ? or * to list all spells.
Aiming: Flame Tongue (safe; 6% risk of failure)
Press: ? - help, Shift-Dir - straight line, f/p - orc priest
Aim: an orc priest, wielding a club (heavily wounded)
The flame tongue hits the orc priest.
The orc priest is almost dead.
The orc priest closely misses you.
The orc priest mumbles some strange prayers to Beogh against you.
Beogh smites you!
You die...

#.## #..# ####### ##.#
#..$..# #.# #..... #.#
..... #####.### ##...
#.......## ...
#........# #o#
#.@##.#..# #)#
#..#..#..# #g#
#.o#o##..# .##.##o###
#..#.##..# .........#
#........#
###.####.#########.#####
#. #.#.g.o.....#
....#....########
#....).#


You could see an orc priest.

Vanquished Creatures
  3 adders (D:2)
  An ooze (D:1)
  A worm (D:2)
  A dart slug (D:1)
  2 leopard geckos (D:1)
  2 orcs (D:3)
  A ball python (D:1)
  4 bats (D:1)
  2 giant cockroaches
  3 goblins (D:1)
  10 hobgoblins
  3 jackals (D:2)
  6 frilled lizards
  3 kobolds
  7 rats
49 creatures vanquished.

Notes
Turn   | Place    | Note
-------+----------+-------------------------------------------
     0 | D:1      | harcile the Hill Orc Fire Elementalist began the quest for the Orb.
     0 | D:1      | Reached XP level 1. HP: 14/14 MP: 3/3
   171 | D:1      | Reached XP level 2. HP: 20/20 MP: 2/4
   419 | D:1      | Reached skill level 4 in Fire Magic
   423 | D:1      | Reached XP level 3. HP: 26/26 MP: 0/5
  1497 | D:2      | Reached XP level 4. HP: 29/33 MP: 4/7
  1689 | D:2      | Found a glowing golden altar of the Shining One.
  1695 | D:2      | Found an iron altar of Okawaru.
  1698 | D:2      | Found a burning altar of Makhleb.
  1699 | D:2      | Found a deep blue altar of Sif Muna.
  1699 | D:2      | Found a glowing silver altar of Zin.
  1995 | D:3      | Killed from afar by an orc priest

Skill      XL: |  1  2  3  4 |
---------------+-------------+-----
Fire Magic     | 4 |  4.2
Spellcasting   | 2 |  2.3
Stealth        | 2 |  2.0
Fighting       | |  0.3
Dodging        | |  1.9
Conjurations   | |  1.7

Action                   |  1- 3 |  4- 6 || total
-------------------------+-------+-------++-------
Melee: Unarmed           |    22 |       ||    22
       Dagger            |       |     8 ||     8
 Cast: Flame Tongue      |    54 |    27 ||    81
  Eat: Chunk             |     3 |     2 ||     5
Armor: Robe              |     6 |       ||     6
Dodge: Dodged            |    27 |     7 ||    34
